 Dungeon Crawl Stone Soup version 0.28-b1-70-g80dc712255 (webtiles) character file.

Game seed: 4973816605600080039

91 laceratedsky the Chopper (level 4, -3/41 HPs)
             Began as a Minotaur Berserker on Feb 3, 2022.
             Was a Believer of Trog.
             Killed from afar by an orc wizard (12 damage)
             ... with a puff of flame
             ... on level 3 of the Dungeon.
             The game lasted 00:05:25 (2072 turns).

laceratedsky the Chopper (Minotaur Berserker)       Turns: 2072, Time: 00:05:26

Health: -3/41      AC:  3    Str: 24    XL:     4   Next: 33%
Magic:  3/3        EV: 12    Int:  4    God:    Trog [**....]
Gold:   45         SH:  0    Dex:  9    Spells: 3/3 levels left

rFire   . . .      SeeInvis .   a - +0 hand axe
rCold   . . .      Faith    .   (no shield)
rNeg    . . .      Spirit   .   b - +0 animal skin
rPois   .          Reflect  .   (helmet restricted)
rElec   .          Harm     .   (no cloak)
rCorr   .          Rampage  .   (no gloves)
Will    .....                   m - +0 pair of boots
Stlth   +.........              (no amulet)
HPRegen 0.13/turn               (no ring)
MPRegen 0.08/turn               (no ring)

@: no status effects
A: horns 2, retaliatory headbutt
a: Renounce Religion, Berserk, Trog's Hand


You were on level 3 of the Dungeon.
You worshipped Trog.
Trog was pleased with you.
You visited 1 branch of the dungeon, and saw 3 of its levels.

You collected 45 gold pieces.

Inventory:

Hand Weapons
 a - a +0 hand axe (weapon)
Missiles
 d - 48 arrows
Armour
 b - a +0 animal skin (worn)
 m - a +0 pair of boots (worn)
Scrolls
 c - a scroll of identify {unknown}
 e - a scroll of fear {unknown}
 h - a scroll of brand weapon {unknown}
 i - a scroll of enchant weapon {unknown}
 j - 2 scrolls of amnesia {unknown}
 l - a scroll of magic mapping {unknown}
Potions
 f - a potion of curing {unknown}
 g - a potion of invisibility {unknown}
 k - a potion of attraction {unknown}
 n - a potion of cancellation {unknown}


   Skills:
 + Level 4.4 Fighting
 + Level 4.9 Axes
 + Level 2.6 Armour
 + Level 3.2 Dodging
 + Level 0.1 Stealth


You had 3 spell levels left.
You didn't know any spells.
Your spell library contained the following spells:

 Spells                   Type           Power      Damage    Failure   Level
 Dazzling Flash           Conj/Hex       0%         N/A       86%         3
 Agony                    Necr           0%         N/A       100%        5
 Silence                  Hex/Air        0%         N/A       100%        5


Dungeon Overview and Level Annotations

Branches:
Dungeon (3/15)

Altars:


Innate Abilities, Weirdness & Mutations

You have a pair of horns on your head.
You reflexively headbutt those who attack you in melee.


Message History

The orc hits you with a +0 flail.
You hit the orc but do no damage. You headbutt the orc.
You kill the orc!
Trog accepts your kill.
You miss something.
A quokka comes into view.
Something hits you but does no damage.
You closely miss something. Something completely misses you.
You barely miss something. Your headbutt misses something. Something hits you.
You barely miss something. Your headbutt misses something. Something hits you.
You hit something. Something hits you but does no damage.
You barely miss something. Your headbutt misses something.
Something hits you but does no damage.
You barely miss something. Something hits you.
You are too injured to fight recklessly!
You are too injured to fight recklessly!
You are too injured to fight recklessly!
You are too injured to fight recklessly!
You are too injured to fight recklessly!
You are too injured to fight recklessly!
You are too injured to fight recklessly!
You are too injured to fight recklessly!
You miss something. Something hits you but does no damage.
You miss something. Something hits you.
You slash something! Something hits you.
You barely miss something. Your headbutt misses something.
Something barely misses you.
You closely miss something. Something hits you but does no damage.
You barely miss something. Something hits you.
You miss something. Something hits you. x2
You miss something. Something hits you.
* * * LOW HITPOINT WARNING * * *
You closely miss something. Something completely misses you.
You hit something. Something hits you.
* * * LOW HITPOINT WARNING * * *
You miss something. Your headbutt misses something.
You hear some strange, mumbled words.
A puff of flame appears from out of thin air!
The puff of flame hits you!
You die...

#.# #### #.# ..#
#.# ###.# #.#
#...###.####
#........#
#..##..#.#
####.####..##..#.#
....oo{@?..##..#.#
####.####!.###.#.#
#..###.#.#
#........#
...####.#####.#
#............#
...####...##### .#
#.#.# #.#.#


You could see 2 orcs.

Vanquished Creatures
  A hound skeleton (D:2)
  2 adders
  3 dart slugs
  An orc (D:3)
  2 endoplasms (D:1)
  2 giant cockroaches (D:1)
  3 goblins
  7 hobgoblins
  3 jackals (D:1)
  2 quokkas (D:1)
  3 ball pythons
  7 bats
  3 frilled lizards
  3 kobolds (D:1)
  10 rats
52 creatures vanquished.

Notes
Turn   | Place    | Note
-------+----------+-------------------------------------------
     0 | D:1      | laceratedsky the Minotaur Berserker began the quest for the
                  | Orb.
     0 | D:1      | Reached XP level 1. HP: 19/19 MP: 0/0
    11 | D:1      | Found a faded altar of an unknown god.
   218 | D:1      | Reached XP level 2. HP: 20/27 MP: 1/1
  1096 | D:1      | Reached XP level 3. HP: 33/33 MP: 2/2
  1639 | D:2      | Reached ** piety under Trog
  1656 | D:2      | Reached XP level 4. HP: 41/41 MP: 3/3
  2072 | D:3      | Killed from afar by an orc wizard

Illustrated notes

Levels and vault maps discovered:
D:1:      minmay_arrival_up_and_down, layout_basic,
          ebering_ecumenical_altar_petrified, bh_walls_and_bars
D:2:      layout_loops_ring
D:3:      layout_loops_ring, mainiacjoe_overflow_large_starburst, st_stairs_4,
          grunt_decor_clamped, grunt_ministairs_2, uniq_ijyb,
          uniq_crazy_yiuf_cottage, uniq_grinder

Skill      XL: |  1  2  3 |
---------------+----------+-----
Fighting       | 4 |  4.4
Axes           | 4 |  4.9
Dodging        | 3 |  3.2
Armour         | |  2.6
Stealth        | |  0.1

Action                   |  1- 3 |  4- 6 || total
-------------------------+-------+-------++-------
Melee: Hand axe          |    81 |    40 ||   121
       Headbutt          |    11 |     3 ||    14
Armor: Animal skin       |    20 |    10 ||    30
Dodge: Dodged            |    66 |    13 ||    79
